Map: Arctic Dream LE

Players

ChrisLord

  • Race: Terran Terran
  • League: Diamond
  • Spawn Location: 11:00

Anuviel

  • Race: Zerg Zerg
  • League: Platinum
  • Spawn Location: 12:00

qqq - Winner!

  • Race: Protoss Protoss
  • Spawn Location: 5:00

Massa - Winner!

  • Race: Terran Terran
  • League: Platinum
  • Spawn Location: 6:00

VOD

Have the link to the VOD?

Description

Time

  • Played on: Nov. 7, 2020, 9:13 a.m.
  • Length: 19:27
Show
View Real Time Build Order
Export as new Build Order

ChrisLord Terran 

Build Orders:  

Get SALT Encoding   

  12  0:01  SCV  
  13  0:16  SCV  
  13  0:19  Supply Depot  
  14  0:28  SCV  
  15  0:30  Refinery  
  15  0:40  SCV  
  16  0:49  Barracks  
  16  0:52  SCV  
  17  1:04  SCV  
  18  1:16  SCV  
  19  1:30  SCV  
  20  1:36  Reaper  
  21  1:48  Command Center  
  21  1:52  Orbital Command  
  21  2:03  Supply Depot  
  21  2:12  Factory  
  21  2:18  Reaper  
  22  2:26  SCV  
  22  2:39  SCV  
  22  2:44  Refinery  
  23  2:51  SCV  
  24  2:56  Barracks Reactor  
  24  2:58  Factory Tech Lab  
  24  3:01  Orbital Command  
  24  3:03  SCV  
  24  3:15  Starport, SCV  
  24  3:17  Hellion  
  27  3:27  SCV  
  27  3:33  Marine x2  
  29  3:48  Siege Tank  
  29  3:54  SCV x2  
  34  4:02  Marine  
  35  4:04  Marine  
  35  4:06  SCV x2  
  35  4:08  Command Center  
  38  4:18  SCV  
  38  4:19  SCV, Viking  
  38  4:22  Supply Depot  
  42  4:30  SCV  
  42  4:31  SCV  
  44  4:38  Bunker  
  44  4:43  SCV x2  
  44  4:45  Siege Tank, Supply Depot  
  49  4:49  Viking  
  51  4:53  Refinery  
  51  4:55  SCV x2  
  51  4:57  Marine, Supply Depot  
  54  5:06  Marine  
  55  5:11  SCV x2  
  57  5:15  Marine, Supply Depot  
  58  5:22  Engineering Bay x2, Viking  
  58  5:23  SCV x2  
  58  5:24  Marine  
  58  5:26  Orbital Command  
  63  5:35  SCV x2  
  65  5:43  Marine x2  
  65  5:47  SCV x2  
  69  5:50  Barracks  
  69  5:51  Barracks  
  69  5:53  SCV  
  70  5:57  Refinery  
  70  5:59  SCV  
  70  6:00  Missile Turret  
  71  6:04  SCV  
  71  6:05  SCV  
  71  6:07  Missile Turret  
  73  6:11  Terran Infantry Weapons Level 1, Missile Turret  
  73  6:12  Terran Infantry Armor Level 1  
  73  6:13  Starport Reactor  
  73  6:15  Siege Tank  
  73  6:16  Marine x2  
  78  6:19  SCV x2  
  78  6:21  SCV  
  81  6:32  SCV x2  
  83  6:33  SCV  
  83  6:39  Barracks Tech Lab x2, Armory  
  84  6:43  Barracks  
  84  6:44  SCV x2  
  84  6:45  SCV, Marine x2  
  84  6:46  Barracks  
  89  6:51  Supply Depot  
  89  6:53  Supply Depot  
  89  6:56  SCV, Siege Tank  
  89  6:57  Medivac  
  89  7:00  Combat Shield  
  95  7:04  Stimpack  
  95  7:27  Marauder, Marine x2  
  95  7:28  Marauder, Medivac x2  
  105  7:31  Refinery  
  105  7:32  Refinery  
  105  7:36  Supply Depot  
  105  7:39  Supply Depot  
  105  7:44  Marine  
  105  7:45  Marine  
  105  7:47  Missile Turret  
  105  7:48  Marine, Siege Tank  
  105  7:49  Barracks Reactor x2, Marauder, Missile Turret  
  113  7:53  Missile Turret  
  113  8:02  Marine  
  113  8:04  Missile Turret, Medivac x2  
  113  8:05  Missile Turret  
  118  8:07  Marauder  
  118  8:10  SCV x2, Marauder  
  118  8:11  SCV  
  125  8:18  Marine  
  126  8:20  Marine  
  126  8:22  Siege Tank  
  130  8:27  Supply Depot  
  130  8:28  Marauder  
  132  8:34  Missile Turret  
  132  8:35  Marine  
  132  8:39  Supply Depot  
  132  8:40  Supply Depot x2  
  133  8:48  Marine x5  
  133  8:49  Marauder, Marine  
  141  8:58  Marine  
  141  9:02  Viking x2  
  144  9:04  Siege Tank  
  144  9:06  Marine x5  
  144  9:07  Marine  
  153  9:13  Marine  
  153  9:16  Marine  
  155  9:24  Marine x3  
  155  9:30  Starport  
  155  9:31  Terran Infantry Armor Level 2, Terran Infantry Weapons Level 2  
  158  9:32  Starport  
  158  9:41  Marine x4  
  158  9:42  Marauder, Marine  
  165  9:54  Marine x2  
  165  9:59  Marauder  
  161  10:03  Marauder  
  161  10:06  Marine x4  
  154  10:07  Viking x2  
  154  10:12  Marine x2  
  144  10:21  Marauder  
  130  10:24  Marine x5  
  128  10:34  Marine x2  
  128  10:35  Siege Tank  
  133  10:37  Liberator x2  
  133  10:41  Marine  
  133  10:42  Marauder x2, Marine x2  
  142  11:02  Marine x6  
  142  11:03  Marine  
  142  11:04  Marauder  
  148  11:07  Siege Tank  
  151  11:14  Command Center  
  151  11:15  Starport  
  151  11:17  Starport Reactor  
  151  11:18  Starport Tech Lab  
  151  11:19  Marine  
  151  11:21  Marine x2  
  151  11:22  Marine x4  
  151  11:24  Marine  
  159  11:28  Barracks  
  159  11:31  Barracks  
  159  11:34  Viking x2  
  159  11:37  Marine  
  159  11:39  Marine  
  165  12:02  Supply Depot  
  165  12:03  Supply Depot  
  165  12:04  Supply Depot  
  165  12:06  Supply Depot  
  165  12:16  Marine x3  
  165  12:23  Marine x5  
  165  12:28  Viking x4  
  165  12:29  Siege Tank  
  181  12:31  Raven  
  181  12:34  Marine x3  
  186  12:41  Marine x5  
  189  12:52  Marine x3  
  188  12:59  Marine  
  161  13:22  Marine x3  
  161  13:23  Marine  
  155  13:36  Marine x4  
  155  13:40  Marine x4  
  143  13:54  Marauder, Marine x2  
  131  14:11  Marine x5  
  131  14:12  Marauder, Marine  
  131  14:16  Marauder  
  122  14:28  Marine  
  122  14:29  Marine x2  
  122  14:30  Marine x3  
  122  14:32  Siege Tank  
  122  14:33  Marauder  
  122  14:37  Marauder  
  109  14:46  Marine x3  
  109  14:48  Marine x3, Viking x4  
  109  14:49  Viking  
  119  14:54  Marauder  
  119  14:59  Marauder  
  123  15:04  Marine x3, Siege Tank  
  123  15:05  Marine  
  123  15:06  Starport Reactor  
  130  15:10  Marine x2  
  132  15:15  Marine  
  132  15:18  Viking x3  
  132  15:19  Marine  
  140  15:22  Factory, Marine x3  
  140  15:23  Marine  
  140  15:28  Marine x2  
  146  15:34  Marauder  
  143  15:36  Siege Tank  
  143  15:38  Marauder  
  143  15:40  Marine x3  
  143  15:41  Marine  
  152  15:45  Viking x2  
  154  15:52  Marine x2  
  154  15:55  Terran Infantry Weapons Level 3, Marauder  
  154  15:56  Terran Infantry Armor Level 3  
  158  15:57  Marine  
  158  15:58  Marine x2  
  158  15:59  Marauder, Marine  
  160  16:08  Siege Tank  
  160  16:10  Marine x2  
  139  16:15  Marine x2  
  139  16:16  Marauder, Marine  
  139  16:17  Marine  
  138  16:20  Marine  
  130  16:28  Marine x2  
  107  16:33  Marine x3  
  107  16:34  Marine  
  107  16:37  Marine  
  107  16:38  Marine  
  103  16:40  Viking x2, Siege Tank  
  103  16:45  Marine  
  103  16:46  Marine  
  106  16:51  Marine x3  
  106  16:52  Marine  
  97  16:56  Marauder, Marine  
  100  17:02  Widow Mine  
  100  17:03  Marine x2  
  104  17:09  Marine x3  
  104  17:10  Marine  
  108  17:21  Medivac  
  108  17:22  Medivac x3  
  116  17:24  Marine  
  103  17:40  Marine x2  
  103  17:41  Marine x5  
  103  17:42  Marine, Viking x2  
  103  17:43  Viking  
  111  17:51  Viking  
  111  17:52  Viking  
  111  17:58  Marine x3  
  112  17:59  Marine x3  
  118  18:05  Marine x2  
  120  18:16  Marine x5  
  120  18:17  Marauder  
  127  18:23  Marine  
  127  18:24  Marauder  
  113  18:38  Marauder  
Show
View Real Time Build Order
Export as new Build Order

Anuviel Zerg 

Build Orders: Pool First, Lurkers, Zergling Baneling 

Get SALT Encoding   

  12  0:01  Drone  
  13  0:08  Drone  
  14  0:27  Spawning Pool  
  13  0:32  Extractor  
  12  0:35  Overlord  
  12  0:40  Drone  
  13  0:45  Drone  
  14  1:00  Drone  
  15  1:14  Zergling x4  
  17  1:20  Zergling x2  
  18  1:30  Queen  
  20  1:39  Metabolic Boost, Zergling x2  
  21  1:56  Zergling x2  
  21  1:59  Overlord  
  22  2:11  Hatchery  
  21  2:18  Zergling x4  
  22  2:42  Drone x5  
  26  2:54  Zergling x2  
  27  3:09  Drone  
  28  3:13  Queen  
  28  3:19  Baneling Nest  
  29  3:24  Drone x5  
  34  3:39  Drone x2  
  36  3:51  Overlord x4  
  36  4:10  Overlord  
  36  4:11  Zergling x6  
  36  4:13  Baneling x3  
  38  4:21  Baneling x5  
  38  4:22  Zergling x2  
  38  4:23  Zergling x2  
  40  4:33  Zergling x8  
  43  4:40  Zergling x2  
  43  4:41  Zergling x2  
  45  4:57  Zergling x6  
  45  4:58  Zergling x8  
  44  5:17  Zergling x12  
  47  5:21  Zergling x2  
  48  5:30  Drone  
  48  5:31  Queen x2  
  53  5:37  Extractor  
  52  5:43  Zergling x4  
  52  5:44  Zergling x2  
  52  5:47  Hatchery  
  53  5:50  Zergling x2  
  53  6:03  Drone x3  
  56  6:06  Extractor  
  56  6:08  Extractor  
  56  6:10  Lair  
  54  6:14  Spore Crawler  
  53  6:20  Overlord x2  
  53  6:21  Overlord  
  53  6:25  Baneling x5  
  53  6:33  Overlord  
  52  6:51  Drone, Spore Crawler  
  52  6:52  Drone x6  
  56  7:20  Queen x2  
  58  7:30  Overlord x2  
  58  7:31  Overlord  
  58  7:40  Hydralisk Den  
  58  7:43  Evolution Chamber  
  56  7:44  Evolution Chamber  
  55  7:52  Drone x3  
  55  7:56  Queen  
  55  7:58  Drone x2  
  56  8:24  Drone x4  
  56  8:25  Drone x2  
  56  8:26  Drone x3  
  65  8:38  Muscular Augments  
  65  8:40  Zerg Missile Weapons Level 1  
  63  8:58  Spore Crawler  
  63  9:00  Spore Crawler  
  61  9:09  Spore Crawler  
  60  9:13  Drone x6  
  60  9:14  Drone x6  
  60  9:16  Extractor  
  71  9:19  Extractor  
  71  9:21  Drone x2  
  72  9:32  Drone  
  72  9:33  Overlord  
  72  9:34  Overlord  
  73  9:49  Grooved Spines  
  72  10:02  Baneling x6  
  72  10:03  Baneling x6  
  72  10:11  Hydralisk  
  72  10:12  Hydralisk x4  
  74  10:33  Hydralisk x6  
  74  10:35  Overlord x3  
  82  10:36  Overlord x4  
  82  10:41  Zerg Missile Weapons Level 2  
  82  10:54  Overlord  
  82  10:55  Hydralisk x3  
  82  10:56  Hydralisk x2  
  92  11:12  Drone x3  
  92  11:13  Drone x5  
  92  11:14  Drone  
  92  11:15  Zerg Ground Armor Level 1  
  101  11:20  Hydralisk x2  
  101  11:21  Hydralisk, Lurker Den  
  106  11:40  Drone x3  
  106  11:41  Drone x3  
  106  11:44  Drone x2  
  114  11:49  Extractor  
  114  11:53  Extractor, Infestation Pit  
  107  12:21  Hydralisk x7  
  107  12:22  Hydralisk x2  
  125  12:30  Hive  
  125  12:33  Lurker x5  
  125  12:34  Hydralisk  
  125  12:35  Hydralisk  
  134  12:40  Hatchery  
  134  12:41  Drone x2  
  134  12:42  Drone x3  
  134  12:43  Drone x3  
  108  13:33  Hydralisk x4  
  108  13:34  Hydralisk x4  
  92  13:40  Hydralisk  
  100  13:49  Hydralisk x3  
  106  13:57  Hydralisk x4  
  114  14:11  Hydralisk x4  
  114  14:14  Zerg Ground Armor Level 2, Zerg Missile Weapons Level 3  
  116  14:37  Hydralisk x3  
  116  14:38  Hydralisk x7  
  128  14:49  Hydralisk x5  
  126  15:04  Hydralisk x2  
  126  15:05  Hydralisk x4  
  130  15:14  Viper  
  130  15:19  Drone x4  
  135  15:37  Hydralisk x2  
  135  15:38  Hydralisk x6  
  151  16:00  Overlord x3  
  151  16:01  Overlord x3  
  132  16:28  Hydralisk x7  
  132  16:29  Hydralisk x3  
  134  16:48  Hydralisk x5  
  134  16:49  Hydralisk  
  130  17:05  Hydralisk x6  
  120  17:20  Hydralisk x4  
  120  17:21  Hydralisk x2  
  102  17:33  Hydralisk x2  
  102  17:34  Hydralisk x6  
  102  17:51  Hydralisk x4  
  92  18:13  Hydralisk x6  
  100  18:26  Spore Crawler x3  
  95  18:27  Spore Crawler  
  95  18:28  Spore Crawler  
  95  18:30  Hydralisk  
  95  18:31  Hydralisk x5  
  93  18:49  Hydralisk x6  
Show
View Real Time Build Order
Export as new Build Order

qqq Protoss - Winner!

Build Orders: Cannon Rush, Carriers 

Get SALT Encoding   

  12  0:03  Probe  
  13  0:16  Probe  
  13  0:21  Pylon  
  14  0:29  Probe  
  15  0:41  Probe  
  16  0:44  Forge  
  16  0:53  Probe  
  17  1:05  Probe  
  17  1:06  Pylon  
  18  1:18  Probe  
  19  1:22  Gateway  
  19  1:30  Probe  
  20  1:32  Photon Cannon  
  20  1:51  Photon Cannon  
  20  1:54  Photon Cannon  
  20  1:56  Pylon  
  20  1:58  Probe  
  21  2:16  Zealot  
  21  2:21  Pylon  
  23  2:26  Cybernetics Core  
  23  2:31  Probe  
  24  2:57  Assimilator  
  24  2:58  Nexus  
  24  2:59  Probe, Assimilator  
  24  3:11  Probe  
  25  3:32  Probe  
  26  3:38  Pylon  
  26  3:45  Probe  
  26  3:47  Nexus  
  27  3:57  Probe (Chrono Boost)  
  27  3:58  Pylon  
  28  4:03  Stargate  
  28  4:09  Probe (Chrono Boost)  
  29  4:10  Assimilator  
  30  4:17  Probe (Chrono Boost)  
  30  4:22  Photon Cannon  
  30  4:23  Probe  
  29  4:31  Stargate  
  29  4:37  Pylon  
  29  4:48  Phoenix (Chrono Boost)  
  29  4:51  Probe x2  
  33  5:03  Probe x2  
  33  5:06  Void Ray (Chrono Boost)  
  35  5:12  Photon Cannon  
  35  5:21  Probe (Chrono Boost), Assimilator  
  40  5:27  Probe (Chrono Boost)  
  41  5:30  Pylon  
  41  5:31  Probe (Chrono Boost), Void Ray  
  41  5:35  Probe (Chrono Boost)  
  43  5:36  Probe (Chrono Boost)  
  43  5:41  Stalker  
  50  5:51  Photon Cannon  
  50  5:56  Void Ray  
  54  6:04  Probe x2  
  56  6:15  Phoenix  
  56  6:16  Probe x2  
  60  6:28  Probe  
  60  6:29  Probe  
  62  6:35  Nexus  
  62  6:37  Pylon  
  62  6:39  Phoenix  
  56  7:25  Phoenix x2  
  56  7:28  Probe  
  59  7:34  Fleet Beacon  
  59  7:38  Stargate, Pylon  
  59  7:41  Probe (Chrono Boost), Stargate  
  59  7:42  Photon Cannon  
  60  7:45  Shield Battery  
  60  7:47  Photon Cannon  
  60  7:48  Probe (Chrono Boost)  
  60  7:49  Pylon, Protoss Air Weapons Level 1 (Chrono Boost)  
  61  7:53  Phoenix  
  64  7:58  Probe (Chrono Boost)  
  64  7:59  Phoenix  
  64  8:04  Probe (Chrono Boost)  
  66  8:15  Probe (Chrono Boost)  
  67  8:20  Probe (Chrono Boost)  
  67  8:21  Carrier  
  74  8:30  Probe  
  75  8:42  Probe  
  75  8:45  Nexus  
  75  8:46  Pylon  
  76  8:49  Pylon  
  76  8:55  Probe  
  73  9:03  Phoenix  
  73  9:04  Tempest  
  73  9:06  Carrier  
  73  9:07  Probe  
  87  9:15  Photon Cannon  
  87  9:16  Photon Cannon  
  87  9:19  Probe  
  87  9:20  Shield Battery  
  88  9:25  Photon Cannon  
  88  9:29  Phoenix  
  88  9:31  Probe  
  91  9:39  Anion Pulse-Crystals  
  91  9:43  Probe  
  92  9:46  Protoss Air Armor Level 1 (Chrono Boost)  
  92  9:55  Probe  
  89  10:07  Tempest  
  86  10:31  Probe (Chrono Boost)  
  86  10:35  Probe (Chrono Boost)  
  77  10:43  Probe (Chrono Boost)  
  77  10:48  Probe x2 (Chrono Boost)  
  79  10:56  Probe  
  80  10:57  Probe  
  81  11:04  Carrier x3  
  81  11:08  Probe  
  81  11:09  Probe  
  101  11:12  Photon Cannon  
  101  11:14  Pylon  
  101  11:16  Photon Cannon  
  101  11:20  Probe, Assimilator  
  101  11:21  Probe  
  101  11:22  Photon Cannon, Assimilator  
  101  11:24  Pylon  
  103  11:31  Photon Cannon  
  103  11:32  Probe (Chrono Boost)  
  104  11:33  Pylon  
  104  11:34  Probe (Chrono Boost), Assimilator  
  105  11:40  Assimilator  
  105  11:43  Probe (Chrono Boost)  
  105  11:45  Probe (Chrono Boost)  
  107  11:48  Probe (Chrono Boost), Carrier  
  107  11:49  Probe (Chrono Boost)  
  115  11:58  Probe  
  115  12:00  Probe  
  117  12:08  Tempest  
  117  12:10  Probe  
  117  12:12  Probe  
  122  12:23  Probe, Tempest, Carrier  
  122  12:27  Probe (Chrono Boost)  
  136  12:39  Probe (Chrono Boost)  
  136  12:41  Probe (Chrono Boost)  
  137  12:45  Probe (Chrono Boost)  
  137  12:48  Probe (Chrono Boost)  
  139  12:53  Probe  
  136  13:06  Probe  
  129  13:31  Probe  
  130  13:34  Carrier  
  130  13:36  Tempest, Pylon  
  130  13:39  Pylon  
  118  13:43  Probe, Photon Cannon  
  118  13:45  Pylon  
  118  13:48  Pylon  
  111  13:50  Carrier  
  111  13:55  Probe  
  111  13:58  Tempest  
  116  14:18  Pylon  
  116  14:20  Pylon  
  116  14:21  Pylon  
  116  14:24  Pylon  
  116  14:26  Pylon  
  113  14:39  Tempest  
  115  15:01  Carrier  
  121  15:07  Nexus  
  121  15:51  Nexus  
  121  16:13  Carrier  
  123  16:51  Carrier  
  123  17:05  Carrier  
  129  17:35  Carrier x2  
Show
View Real Time Build Order
Export as new Build Order

Massa Terran - Winner!

Build Orders:  

Get SALT Encoding   

  12  0:00  SCV  
  13  0:13  SCV  
  14  0:17  Supply Depot  
  14  0:25  SCV  
  15  0:40  SCV, Barracks  
  16  0:52  Supply Depot  
  16  0:53  Refinery  
  16  0:55  SCV  
  17  1:07  SCV  
  18  1:19  SCV  
  19  1:30  Marine  
  21  1:33  Orbital Command  
  20  1:43  Barracks  
  20  1:45  Barracks  
  20  1:56  Reaper, Bunker  
  21  2:01  SCV  
  22  2:10  Barracks  
  22  2:28  Marine  
  23  2:57  Marine x4  
  27  3:15  Marine x4  
  27  3:18  Command Center  
  31  3:47  Marine  
  31  3:51  Barracks Reactor, Barracks Tech Lab  
  31  3:55  Refinery  
  31  3:56  Supply Depot  
  31  4:01  Command Center  
  31  4:03  Engineering Bay  
  31  4:09  Supply Depot  
  31  4:11  Barracks Tech Lab  
  31  4:12  Stimpack  
  31  4:18  SCV  
  31  4:20  Marauder  
  31  4:21  Marine  
  35  4:27  Marine  
  35  4:30  SCV  
  37  4:33  Marine  
  38  4:38  Marine  
  38  4:40  Marine  
  40  4:50  Factory  
  40  5:03  Barracks Tech Lab  
  40  5:12  Marine x2  
  40  5:13  Marauder x2  
  28  5:24  Combat Shield  
  28  5:26  Concussive Shells  
  28  5:30  Marine x2  
  28  5:34  Marauder  
  32  5:38  Marauder x2  
  32  5:40  Factory Tech Lab  
  34  5:52  Marine  
  34  5:55  Marauder  
  33  5:59  Marauder  
  33  6:02  Orbital Command  
  35  6:09  Missile Turret  
  35  6:18  SCV  
  37  6:21  Orbital Command  
  36  6:30  SCV  
  36  6:31  SCV  
  38  6:41  Siege Tank  
  38  6:43  SCV x2  
  38  6:46  Marauder, Marine  
  46  6:47  Marine  
  46  6:49  SCV  
  48  6:55  SCV  
  48  6:58  Starport  
  49  7:05  Marauder  
  49  7:07  Marauder  
  49  7:08  Marine  
  54  7:11  Marine x2  
  54  7:13  Siege Tank  
  54  7:14  SCV x2  
  54  7:15  SCV  
  62  7:26  SCV x2  
  62  7:28  Marauder, Marine x2  
  62  7:29  Marauder, Marine  
  71  7:32  SCV  
  72  7:37  Medivac  
  72  7:38  SCV x2  
  76  7:48  Refinery, Terran Infantry Weapons Level 1  
  76  7:49  Refinery  
  76  8:24  Orbital Command  
  76  8:26  SCV  
  77  8:33  Supply Depot x2  
  77  8:34  Supply Depot  
  77  8:35  Supply Depot  
  77  8:36  Supply Depot  
  77  8:38  Supply Depot  
  77  8:54  SCV x2, Marine, Siege Tank  
  77  8:55  Marauder x3  
  89  8:58  Starport Reactor, Supply Depot x2  
  89  9:00  Supply Depot  
  89  9:02  Supply Depot x2  
  89  9:03  SCV  
  89  9:07  SCV x2  
  92  9:12  Missile Turret  
  92  9:15  SCV  
  93  9:19  SCV x2  
  93  9:20  Sensor Tower  
  95  9:25  Sensor Tower  
  95  9:27  SCV, Siege Tank  
  95  9:31  SCV  
  100  9:33  Missile Turret  
  100  9:34  SCV  
  101  9:39  SCV  
  101  9:40  Refinery  
  101  9:43  SCV  
  101  9:44  Refinery  
  103  9:46  SCV  
  104  9:58  Missile Turret  
  80  10:21  Marauder  
  80  10:22  Marauder x2, Marine x2  
  77  10:40  Marine x2  
  77  10:43  Marauder x3  
  77  10:44  Siege Tank  
  77  10:47  Medivac x2  
  90  10:52  SCV x3  
  93  10:58  Marine x2  
  95  11:04  SCV x2, Marauder x3  
  95  11:05  SCV  
  104  11:16  SCV x2, Marine, Siege Tank  
  104  11:17  SCV, Medivac x2  
  104  11:18  Refinery  
  115  11:25  Command Center  
  115  11:26  Marauder x3  
  115  11:28  SCV  
  115  11:32  Barracks  
  122  11:34  Barracks  
  122  11:41  Armory  
  122  11:44  Engineering Bay  
  122  11:47  Terran Infantry Armor Level 1  
  122  12:12  Command Center  
  122  12:14  Armory, Sensor Tower  
  122  12:23  Marine, Marauder x3, Sensor Tower  
  122  12:24  Barracks, Factory, Marine  
  130  12:30  Barracks Reactor, Barracks Tech Lab  
  130  12:41  Factory, Marine  
  130  12:42  Terran Infantry Weapons Level 2, Missile Turret  
  131  12:44  Terran Vehicle Weapons Level 1  
  131  12:45  Marauder x3  
  137  13:02  Missile Turret  
  94  13:36  Marauder x4  
  94  13:38  Barracks Tech Lab  
  81  13:47  Factory Tech Lab  
  81  13:48  Siege Tank  
  70  13:52  Factory Tech Lab  
  70  13:57  Marauder, Medivac x2  
  70  13:58  Marauder x3  
  78  14:18  Marauder  
  78  14:19  Marauder x3  
  78  14:21  Marauder, Marine x4  
  82  14:27  Medivac  
  82  14:30  Medivac  
  84  14:39  Marine x3  
  84  14:40  Marauder x4, Marine  
  84  14:43  Marauder  
  98  14:49  Orbital Command  
  98  14:52  SCV x3  
  101  14:56  Medivac  
  101  14:57  Marine x2  
  103  15:00  Medivac  
  103  15:01  Marauder  
  103  15:02  Marauder x3  
  103  15:04  Marauder  
  116  15:14  Siege Tank x3  
  122  15:23  Marauder  
  122  15:26  Medivac  
  126  15:29  Marauder, Marine  
  126  15:30  Sensor Tower, Marauder x3, Marine x3  
  138  15:44  Marauder  
  138  15:46  Siege Tank x2  
  138  15:47  Marine  
  147  15:51  Marauder  
  149  15:58  Marauder  
  149  15:59  Marauder x2, Marine x3  
  149  16:00  Siege Tank  
  161  16:05  Marauder  
  163  16:12  Marauder  
  163  16:18  Siege Tank x2  
  168  16:20  Marauder  
  153  16:32  Siege Tank  
  147  16:38  Marauder  
  147  16:39  Marauder x3, Marine x3  
  141  16:41  Marauder  
  117  16:59  Marauder  
  117  17:00  Marauder x3  
  123  17:03  Marauder  
  123  17:04  Medivac x2  
  125  17:09  Marine  
  125  17:12  SCV  
  119  17:18  Orbital Command  
  119  17:21  Marauder  
  119  17:22  Marauder x3  
  125  17:24  Marauder  
  125  17:33  Medivac x2  
  124  17:42  Marauder  
  124  17:43  Marauder x3  
  130  17:45  Marauder  
  132  18:03  Medivac  
  132  18:04  Marauder x3  
  117  18:49  Marauder x3  
  117  18:50  Marauder x2, Marine x3  
  117  18:51  Marine  
  117  18:52  Siege Tank x3  
  127  19:08  Marine x4  
Tags
 
Add a new tag
Caveats
  • Supply blocks, unpowered buildings, or Contaminate may cause inaccurate times.
  • Supply counts are checked every 10 seconds.